 Dungeon Crawl Stone Soup version 0.27-a0-998-g4cfe56dd59 (webtiles) character file.

Game seed: 5117251158215338127

510 robertstho the Magician (level 7, -3/47 HPs)
             Began as a Djinni Ice Elementalist on Apr 16, 2021.
             Slain by an ogre
             ... wielding a +0 giant club
              (24 damage)
             ... on level 4 of the Dungeon.
             The game lasted 00:05:42 (5160 turns).

robertstho the Magician (Djinni Ice Elementalist)   Turns: 5160, Time: 00:05:43

Health: -3/47      AC: 12    Str:  7    XL:     7   Next: 19%
Gold:   111        EV: 13    Int: 19    God:
                   SH:  0    Dex: 13

rFire    + + .     SeeInvis .   b - staff of cold
rCold    . . .     Faith    .   (no shield)
rNeg     . . .     Spirit   .   a - +0 robe
rPois    ∞         Reflect  .   o - +0 helmet
rElec    .         Harm     .   q - +0 cloak
rCorr    .         Rampage  .   (no gloves)
Will     .....                  (boots unavailable)
Stlth    ++........             (no amulet)
HPRegen  0.15/turn              (no ring)
MPRegen  0.00/turn              (no ring)

@: ice-armoured, freezing walls, flying
A: fire resistance 2, cold vulnerability 1, float, innate caster, hp casting,
extra vitality 1
a: no special abilities


You were on level 4 of the Dungeon.
You visited 1 branch of the dungeon, and saw 4 of its levels.

You collected 111 gold pieces.

Inventory:

Armour
 a - a +0 robe (worn)
 o - a +0 helmet (worn)
 q - a +0 cloak (worn)
Magical Staves
 b - a staff of cold (weapon)
Wands
 l - a wand of paralysis (10)
Scrolls
 c - a scroll of vulnerability {unknown}
 e - 4 scrolls of teleportation {unknown}
 f - a scroll of enchant armour {unknown}
 g - a scroll of identify {unknown}
 h - a scroll of noise {unknown}
 k - a scroll of brand weapon {unknown}
Potions
 d - a potion of mutation {unknown}
 i - a potion of flight {unknown}
 j - a potion of heal wounds {unknown}
 m - a potion of magic {unknown}
 n - a potion of lignification {unknown}
 p - a potion of degeneration {unknown}
 r - a potion of curing {unknown}


   Skills:
 + Level 1.2 Fighting
 + Level 1.4 Staves
 + Level 3.2 Dodging
 + Level 2.8 Stealth
 + Level 6.1 Spellcasting


You couldn't memorise any spells.
You knew the following spells:

 Your Spells              Type           Power      Damage    Failure   Level
a - Freeze                Ice            100%       1d11      1%          1
b - Frozen Ramparts       Ice            86%        1d10      2%          3
c - Ozocubu's Armour      Ice            43%        N/A       2%          3
d - Hailstorm             Conj/Ice       43%        3d10      9%          4
e - Metabolic Englaciati  Hex/Ice        21%        N/A       24%         5
f - Animate Skeleton      Necr           58%        N/A       1%          1
g - Wereblood             Tmut           29%        N/A       1%          2
h - Corpse Rot            Necr/Air       N/A        N/A       1%          2
Your spell library was empty.

Dungeon Overview and Level Annotations

Branches:
Dungeon (4/15)
 Temple: D:4-7

Altars:
Sif Muna
Xom


Innate Abilities, Weirdness & Mutations

You are immune to poison.
Your flesh is very heat resistant. (rF++)
You are vulnerable to cold. (rC-)
You float through the air rather than walking.
You learn spells naturally, not from books.
Your magical power is your life essence.
You have superior vitality. (+4 HP)


Message History

Anything else - Cancel.
You shout for attention!
You hear a shout!
The orc hits you with a +0 short sword.
You hit the orc.
The orc is moderately wounded.
The orc completely misses you.
You hit the orc.
The orc is heavily wounded.
The orc hits you with a +0 short sword.
The wall freezes the orc.
The orc hits you with a +0 club.
The wall freezes the orc wizard!
The orc wizard closely misses you. The orc barely misses you.
Unknown command.
Casting: Frozen Ramparts (dangerous; 2% risk of failure)
Confirm with . or Enter, or press ? or * to list all spells.
You feel a surge of power! A film of ice covers your body!
The wall freezes the orc!
You kill the orc!
The wall freezes the orc wizard!
The orc wizard points at you and mumbles some strange words.
The magic dart hits you. The orc hits you but does no damage.
Casting: Ozocubu's Armour (dangerous; 2% risk of failure)
Confirm with . or Enter, or press ? or * to list all spells.
Aiming: Freeze (safe; 1% risk of failure)
Press: ? - help, Shift-Dir - straight line, f - orc
Aim: an orc, wielding a +0 short sword (heavily wounded)
You feel a surge of power!
You freeze the orc!
You kill the orc!
The wall freezes the orc wizard!
You kill the orc wizard!
Casting: Freeze (safe; 1% risk of failure)
Confirm with . or Enter, or press ? or * to list all spells.
Aiming: Freeze (safe; 1% risk of failure)
Press: ? - help, Shift-Dir - straight line, f - ogre
Aim: an ogre, wielding a +0 giant club You feel a surge of power!
You freeze the ogre!
The ogre is moderately wounded.
The wall freezes the ogre!
The ogre hits you with a +0 giant club!!
Ouch! That really hurt!
You die...

..#...#+#.. ...#........
..#...#.... ..........
....... #.._.## ..
#.....#..# #.)O)..#.##
#..@##.#..## ... #...#
........
....#...####...........
.............#.... ....
..........#..#..# .....
...).......#..#..##..bbb.
.....####................
..... ..#........#.......
..###....................


You could see an ogre.

Vanquished Creatures
  Blork the orc (D:4)
  A scorpion (D:3)
  A hound (D:4)
  Crazy Yiuf (D:3)
  Jessica (D:2)
  Natasha (twice) (D:4)
  Ijyb (D:3)
  An orc wizard (D:4)
  A hound skeleton (D:4)
  Robin (D:3)
  4 gnolls (D:3)
  4 adders
  An ufetubus (D:4)
  A dart slug (D:4)
  A worm (D:3)
  5 orcs
  7 endoplasms
  5 giant cockroaches
  10 goblins
  10 hobgoblins
  7 jackals
  A quokka (D:1)
  5 ball pythons
  5 bats
  5 frilled lizards
  5 kobolds
  5 rats
92 creatures vanquished.

Notes
Turn   | Place    | Note
-------+----------+-------------------------------------------
     0 | D:1      | robertstho the Djinni Ice Elementalist began the quest for
                  | the Orb.
     0 | D:1      | Reached XP level 1. HP: 15/15 MP: 0/0
   475 | D:1      | Reached XP level 2. HP: 8/21 MP: 0/0
   689 | D:1      | Reached skill level 4 in Spellcasting
  1734 | D:2      | Noticed Jessica
  1737 | D:2      | Killed Jessica
  1738 | D:2      | Reached XP level 3. HP: 22/25 MP: 0/0
  1738 | D:2      | Learned a level 1 spell: Animate Skeleton
  2090 | D:2      | Reached XP level 4. HP: 26/31 MP: 0/0
  2510 | D:2      | Found a faded altar of an unknown god.
  2952 | D:3      | Reached XP level 5. HP: 31/36 MP: 0/0
  2952 | D:3      | Learned a level 2 spell: Wereblood
  3290 | D:3      | Noticed Ijyb
  3294 | D:3      | Killed Ijyb
  3295 | D:3      | Reached skill level 1 in Staves
  3295 | D:3      | Reached skill level 5 in Spellcasting
  3948 | D:3      | Reached XP level 6. HP: 35/41 MP: 0/0
  3990 | D:3      | Noticed Robin
  3997 | D:3      | Killed Robin
  4173 | D:3      | Found a runed translucent door.
  4174 | D:3      | Noticed Crazy Yiuf
  4273 | D:3      | Killed Crazy Yiuf
  4659 | D:4      | Noticed Natasha
  4670 | D:4      | Killed Natasha
  4671 | D:4      | Reached skill level 1 in Fighting
  4985 | D:4      | Noticed Blork the orc
  4989 | D:4      | Noticed Natasha
  4994 | D:4      | Killed Natasha
  4998 | D:4      | Killed Blork the orc
  4999 | D:4      | Reached skill level 6 in Spellcasting
  4999 | D:4      | Reached XP level 7. HP: 34/47 MP: 0/0
  4999 | D:4      | Learned a level 2 spell: Corpse Rot
  5144 | D:4      | Found a shimmering altar of Xom.
  5160 | D:4      | Slain by an ogre

Illustrated notes

Levels and vault maps discovered:
D:1:      dpeg_arrival_erosion, layout_loops_corners
D:2:      layout_basic, chequers_ecumenical_altar_simple_redux,
          hangedman_decor_opposing, uniq_jessica
D:3:      layout_loops_cross, nicolae_sif_muna_little_library, uniq_ijyb,
          uniq_crazy_yiuf_cottage, uniq_robin
D:4:      layout_basic, xom_butterflies, serial_shops,
          nicolae_shop_competitors_out_of_business, kennysheep_mini,
          kennysheep_little_box, uniq_natasha, uniq_blork_the_orc

Skill      XL: |  1  2  3  4  5  6 |
---------------+-------------------+-----
Spellcasting   | 4 5 6 |  6.1
Stealth        | 2 |  2.8
Staves         | 1 |  1.4
Dodging        | 3 |  3.2
Fighting       | 1 |  1.2

Action                   |  1- 3 |  4- 6 |  7- 9 || total
-------------------------+-------+-------+-------++-------
Melee: Staff             |    61 |    38 |     4 ||   103
       Unarmed           |     1 |       |       ||     1
 Cast: Freeze            |    28 |    22 |     2 ||    52
       Frozen Ramparts   |       |    22 |     3 ||    25
       Ozocubu's Armour  |       |     5 |     1 ||     6
 Stab: Sleeping          |     4 |     2 |       ||     6
Armor: Robe              |    19 |    20 |     3 ||    42
Dodge: Dodged            |    61 |    43 |     9 ||   113

Table legend: (Time is in decaauts)
 A = Elapsed time spent in this place.
 B = Non-inter-level travel time spent in this place.
 C = Inter-level travel time spent in this place.
 D = Time resting spent in this place.
 E = Time spent auto-exploring this place.
 F = Levels seen in this place.
 G = Mean time per level.
                   A        B        C        D        E       F      G
               +--------+--------+--------+--------+--------+-----+--------+
         Total |   5176 |   5076 |    100 |    649 |   3890 |   4 | 1294.0 |
       Dungeon |   5176 |   5076 |    100 |    649 |   3890 |   4 | 1294.0 |
               +--------+--------+--------+--------+--------+-----+--------+

Top non-repeatable levels by time:
     D:3: 1999 daAuts
     D:1: 1613 daAuts
     D:2: 1050 daAuts
     D:4: 513 daAuts
